AoeStats
← GAX | Tyrav

Nomad

508514061Analyzed
4v4 RM · 11d ago on Sep 22, 2026· 48m 7s· 8 players
Game mode
Random Map
Map size
231×231
Population
200
Speed
Normal
Resources
Standard
Victory
Conquest
Starting age
Dark Age
Ending age
Imperial Age
RankedLock teamsTeams togetherTeam positionsShared explorationLock speedFull tech treeHidden civsTurbo modeCheats
Victory
Defeat
🇧🇷 Danes · Brazil
1810
+7
🇧🇷 Saxons · Brazil
1675
+11
🇧🇷 Varangians · Brazil
1621
+13
🇲🇽 Vikings · Mexico
1562
+16
🇦🇷 Japanese · Argentina
1677
-16
🇩🇪 Saxons · Germany
1591
-12
🇲🇽 Italians · Mexico
1517
-10
🇩🇪 Varangians · Germany
1491
-9
FutureEwe5582
4:25 Loom
13:22 Feudal Age
18:13 Castle Age
16:44 Double-Bit Axe
23:34 Bow Saw
26:17 Town Watch
26:23 Horse Collar
31:05 Ballistics
34:28 Fletching
37:36 Guard Tower
37:48 Bodkin Arrow
40:03 Murder Holes
42:00 Yasama
46:53 Imperial Age
48:21 Imperial Age
Yun
12:20 Feudal Age
13:40 Double-Bit Axe
18:36 Castle Age
16:37 Fishing Lines
17:46 Loom
19:39 Medium Warships
19:57 Bow Saw
22:33 Town Watch
23:28 Horse Collar
25:04 Fletching
30:19 Imperial Age
28:56 Ballistics
28:47 Masonry
29:17 Wheelbarrow
29:36 Bodkin Arrow
29:41 Padded Archer Armor
32:06 Conscription
32:38 Bracer
34:34 Leather Archer Armor
35:47 Heavy Plow
35:16 Elite Genoese Crossbowman
37:54 Chemistry
37:05 Masonry
38:12 Ring Archer Armor
41:44 Guilds
Reinhardlunsen
5:11 Loom
12:49 Feudal Age
12:55 Feudal Age
17:51 Castle Age
16:38 Double-Bit Axe
16:34 Horse Collar
16:59 Fletching
19:08 Bodkin Arrow
31:05 Wheelbarrow
31:01 Stone Mining
31:02 Gold Mining
33:11 Scale Mail Armor
34:20 Chain Mail Armor
34:52 Forging
39:48 Imperial Age
37:45 Squires
38:49 Iron Casting
41:02 Conscription
41:15 Plate Mail Armor
40:08 Capped Ram
41:19 Bracer
42:04 Siege Ram
43:27 Masonry
46:31 Ballistics
SAMEDO
3:34 Loom
13:40 Feudal Age
19:04 Castle Age
17:44 Bloodlines
17:42 Double-Bit Axe
20:11 Scale Barding Armor
29:10 Chain Barding Armor
29:38 Town Watch
30:16 Horse Collar
32:36 Forging
35:50 Bow Saw
35:48 Heavy Plow
35:39 Gold Mining
37:09 Wheelbarrow
37:21 Husbandry
42:11 Iron Casting
42:46 Hand Cart
42:20 Light Cavalry
49:56 Imperial Age
GAX | ERV
6:33 Loom
14:56 Feudal Age
15:36 Double-Bit Axe
15:50 Fishing Lines
16:18 Fletching
21:31 Castle Age
21:42 Crossbowman
22:18 Bodkin Arrow
23:35 Padded Archer Armor
26:11 Town Watch
36:10 Gillnets
39:41 Imperial Age
37:27 Elite Skirmisher
39:58 Arbalester
40:48 Bracer
41:04 Leather Archer Armor
43:49 Chemistry
46:55 Ring Archer Armor
GAX | VaranGIANos
8:01 Loom
12:07 Feudal Age
13:39 Forging
20:04 Fishing Lines
22:29 Wheelbarrow
22:25 Gold Mining
22:29 Stone Mining
26:13 Castle Age
25:36 Double-Bit Axe
25:49 Town Watch
26:47 Gillnets
27:42 Fletching
28:35 Hand Cart
29:05 Bodkin Arrow
29:21 Padded Archer Armor
29:30 Scale Barding Armor
30:05 Iron Casting
30:30 Bow Saw
31:29 Husbandry
31:44 Bloodlines
31:35 Husbandry
32:37 Chain Barding Armor
42:06 Imperial Age
43:13 Clinker Construction
43:14 Careening
43:23 Cavalier
44:40 Plate Barding Armor
45:05 Blast Furnace
44:52 Conscription
46:28 Chemistry
45:48 Ballistics
46:01 Light Cavalry
47:06 Vendel Legacy
48:17 Siege Engineers
GAX | Tyrav
7:29 Loom
13:04 Feudal Age
17:07 Castle Age
18:02 Double-Bit Axe
18:30 Scale Mail Armor
21:32 Forging
26:20 Horse Collar
29:50 Bow Saw
29:43 Heavy Plow
30:34 Medium Warships
33:02 Wheelbarrow
35:12 Gold Mining
36:16 Chain Mail Armor
36:37 Iron Casting
35:58 Fishing Lines
40:04 Imperial Age
37:51 Hand Cart
37:42 Town Watch
38:09 Gillnets
38:32 Squires
38:17 Arson
39:37 Iron Casting
39:37 Gambesons
40:13 Elite Hearth Troop
41:12 Shield Wall
42:32 Plate Mail Armor
42:27 Conscription
42:30 Elite Varangian Guard
Neymar_Aoe2
13:14 Feudal Age
13:23 Loom
13:58 Fishing Lines
17:21 Castle Age
15:49 Double-Bit Axe
17:43 Loom
18:44 Fletching
19:55 Gillnets
21:38 Horse Collar
23:06 Bow Saw
24:18 Bodkin Arrow
25:11 Stone Mining
25:18 Town Watch
26:15 Wheelbarrow
26:51 Ballistics
27:09 Stone Shaft Mining
27:48 Clinker Construction
30:00 Hand Cart
32:46 Imperial Age
30:53 Scale Mail Armor
31:08 Arson
31:24 Squires
32:34 Chain Mail Armor
32:08 Gambesons
33:27 Forging
33:53 Conscription
34:06 Conscription
33:50 Heavy Plow
34:37 Plate Mail Armor
33:58 Elite Jomsviking
36:16 Iron Casting
38:29 Blast Furnace
38:21 Masonry
40:27 Northmen's Fury
47:47 Chemistry
46:20 Onager
46:27 Hamask
47:43 Siege Engineers
48:04 Siege Onager
Connection lost

Rejoining the realm…

Still unreachable

The connection could not be restored.

Session expired

The server has moved on; the page needs a fresh start.